 Dungeon Crawl Stone Soup version 0.22-a0-21-g9421e3f (webtiles) character file.

267 theclanless the Skirmisher (level 6, -1/32 HPs)
             Began as a Vine Stalker Fighter on Jan 2, 2018.
             Was a Follower of Qazlal.
             Slain by a killer bee (7 damage)
             ... on level 4 of the Dungeon.
             The game lasted 00:06:58 (2755 turns).

theclanless the Skirmisher (Vine Stalker Fighter)   Turns: 2755, Time: 00:06:59

Health: -1/32      AC:  5    Str: 19    XL:     6   Next: 21%
Magic:  0/8        EV:  8    Int:  8    God:    Qazlal [*.....]
Gold:   172        SH: 12    Dex: 15    Spells: 7/7 levels left

rFire    . . .     SeeInvis +   a - +1 long sword
rCold    . . .     Gourm    .   j - +1 shield
rNeg     + . .     Faith    .   b - +0 scale mail
rPois    .         Spirit   +   (no helmet)
rElec    .         Reflect  .   (no cloak)
rCorr    .         Harm     .   (no gloves)
MR       .....                  (no boots)
Stlth    ..........             (no amulet)
HPRegen  0.50/turn              p - ring of see invisible
MPRegen  0.11/turn              s - ring of positive energy

@: lethally poisoned (-1 -> -2), berserk cooldown, slowed, very slow
A: fangs 2, iridescent scales 1, blurry vision 1, deformed body, regeneration 1,
magic shield, antimagic bite, no potion heal 3, rot immunity
a: Renounce Religion


You were on level 4 of the Dungeon.
You worshipped Qazlal.
Qazlal was aware of your devotion.
You were not hungry.

You visited 1 branch of the dungeon, and saw 4 of its levels.

You collected 172 gold pieces.

Inventory:

Hand Weapons
 a - a +1 long sword (weapon)
 l - a +0 hunting sling
 n - a +0 blowgun
Missiles
 h - 4 tomahawks (quivered)
 o - 24 poisoned needles
Armour
 b - a +0 scale mail (worn)
 j - a +1 shield (worn)
Jewellery
 p - a ring of see invisible (left hand)
 s - a ring of positive energy (right hand)
Scrolls
 i - a scroll of remove curse
Potions
 c - a potion of curing
 d - a potion of might
 k - a potion of invisibility {unknown}
 m - a potion of brilliance {unknown}
 q - a potion of flight
 r - a potion of haste {unknown}
 v - a potion of lignification {unknown}
Books
 u - a book of Maledictions

   Spells                             Type                      Level
   a - Corona                         Hexes                        1
   b - Ensorcelled Hibernation        Hexes/Ice                    2
   c - Confuse                        Hexes                        3
   d - Tukima's Dance                 Hexes                        3
   e - Dazzling Spray                 Conjuration/Hexes            3
Comestibles
 f - 4 rations
 t - 3 chunks of flesh


   Skills:
 + Level 3.3 Fighting
 + Level 2.4 Long Blades
 + Level 2.9 Armour
 * Level 2.3 Dodging
 + Level 3.2 Shields
 - Level 1.3 Spellcasting
 * Level 2.3 Invocations


You had 7 spell levels left.
You didn't know any spells.

Dungeon Overview and Level Annotations

Branches:
Dungeon (4/15)
 Temple: D:4-7

Altars:
Cheibriados
Elyvilon
Fedhas
Nemelex Xobeh
Qazlal
Sif Muna
Vehumet

Annotations:
D:4 isock's ghost, amateur GnWn


Innate Abilities, Weirdness & Mutations

You have extremely sharp teeth.
Your natural rate of healing is unusually fast.
When hurt, damage is shared between your health and your magic reserves.
Your bite disrupts and absorbs the magic of your enemies.
Potions cannot restore your health.
You are immune to rotting.
You are partially covered in iridescent scales. (AC +2)
Scrolls take you a little longer to read.
Armour fits poorly on your strangely shaped body.


Message History

Isock's ghost shrieks, "You will join me soon!"
You block the killer bee's attack.
You hit the killer bee. Your bite misses the killer bee.
The killer bee is severely wounded.
You feel sick. You block the killer bee's attack.
The killer bee stings you but does no damage.
You block the killer bee's attack. x2
You closely miss the killer bee.
The killer bee is severely wounded.
You feel sick. You block the killer bee's attack. x3
You feel extremely strange.
Your body twists and deforms.
Your vision blurs.
Iridescent scales grow over part of your body.
You feel sick. You block the killer bee's attack. The killer bee stings you!
* * * LOW HITPOINT WARNING * * *
The killer bee barely misses you.
You miss the killer bee.
The killer bee is severely wounded.
You feel sick. You block the killer bee's attack. The killer bee stings you!
You die...

#....^ ......
#..#.. #
#..#.######Ww###
#..#.#..@yyo....
#..#.#.####.....
#..#.#.# ...
#..†...# .
#######.##.###
#........#.#
#.#####..#.# #.#
####.# #.#
###<#.#


You could see 2 killer bees, isock's ghost, a dart slug and an orc.

Vanquished Creatures
  A killer bee (D:4)
  An orc priest (D:4)
  3 orc wizards
  4 adders
  3 worms
  2 leopard geckos (D:2)
  6 orcs
  7 bats
  2 giant cockroaches
  9 goblins
  3 hobgoblins (D:2)
  4 jackals (D:1)
  A quokka (D:2)
  8 frilled lizards
  4 kobolds
  6 rats
64 creatures vanquished.

Notes
Turn   | Place    | Note
-------+----------+-------------------------------------------
     0 | D:1      | theclanless the Vine Stalker Fighter began the quest for the Orb.
     0 | D:1      | Reached XP level 1. HP: 11/11 MP: 2/2
   359 | D:1      | Reached XP level 2. HP: 13/16 MP: 3/3
  1024 | D:1      | Reached skill level 1 in Spellcasting
  1380 | D:2      | Found a blossoming altar of Fedhas.
  1383 | D:2      | Reached skill level 1 in Dodging
  1383 | D:2      | Reached XP level 3. HP: 16/19 MP: 5/5
  1395 | D:2      | Found a stormy altar of Qazlal.
  1427 | D:2      | Became a worshipper of Qazlal Stormbringer
  1631 | D:2      | Found a radiant altar of Vehumet.
  1700 | D:2      | Found a deep blue altar of Sif Muna.
  1803 | D:3      | Found a snail-covered altar of Cheibriados.
  1805 | D:3      | Found a sparkling altar of Nemelex Xobeh.
  1886 | D:2      | Gained mutation: Your natural rate of healing is unusually fast. [Vine Stalker growth]
  1886 | D:2      | Reached XP level 4. HP: 22/23 MP: 6/6
  1894 | D:2      | Reached skill level 1 in Invocations
  1961 | D:3      | Found a white marble altar of Elyvilon.
  2230 | D:3      | Reached XP level 5. HP: 28/28 MP: 7/7
  2698 | D:4      | Reached * piety under Qazlal
  2741 | D:4      | Noticed isock's ghost (amateur GnWn)
  2743 | D:4      | Reached XP level 6. HP: 32/32 MP: 6/8
  2754 | D:4      | Gained mutation: Armour fits poorly on your strangely shaped body. [potion of mutation]
  2754 | D:4      | Gained mutation: Scrolls take you a little longer to read. [potion of mutation]
  2754 | D:4      | Gained mutation: You are partially covered in iridescent scales. (AC +2) [potion of mutation]
  2755 | D:4      | Slain by a killer bee

Vault maps used:
D:1:      ncdulo_lavacross
D:2:      grunt_temple_overflow_forces_of_nature, marbit_many_paths,
          old_standard_altar, first_ration
D:3:      overflow_temple_1_default, elyvilon_altar_5, minmay_crystal_water,
          kennysheep_nub, nemelex_xobeh_ov_fountains_minmay

Skill      XL: |  1  2  3  4  5 |
---------------+----------------+-----
Spellcasting   | 1 |  1.3
Long Blades    | 2 |  2.4
Dodging        | 1 2 |  2.3
Invocations    | 1 2 |  2.3
Fighting       | 3 |  3.3
Shields        | 3 |  3.2
Armour         | |  2.9

Action                   |  1- 3 |  4- 6 || total
-------------------------+-------+-------++-------
Melee: Long sword        |    78 |    80 ||   158
       Bite              |    17 |    19 ||    36
  Use: Scroll            |     2 |     8 ||    10
       Potion            |       |     3 ||     3
  Eat: Chunk             |     3 |     3 ||     6
Armor: Scale mail        |    29 |    32 ||    61
Dodge: Dodged            |    29 |    26 ||    55
Block: Shield            |    38 |    64 ||   102
       Rpst.: Long sword |     8 |     5 ||    13

Table legend:
 A = Spawn XP
 B = Non-spawn XP
 C = Spawn XP percentage of total XP
 D = Spawn monster count
 E = Non-spawn monster count
 F = Spawn count percentage of total count
 G = Total turns spent on level
                    A         B        C        D         E        F      G
               +---------+---------+-------+---------+---------+-------+---------
         Total |       0 |     382 |   0.0 |       0 |      64 |   0.0 |  2755
               +---------+---------+-------+---------+---------+-------+---------
           D:1 |       0 |      21 |   0.0 |       0 |      13 |   0.0 |  1275
           D:2 |       0 |     118 |   0.0 |       0 |      27 |   0.0 |   550
           D:3 |       0 |      38 |   0.0 |       0 |      15 |   0.0 |   843
           D:4 |       0 |     205 |   0.0 |       0 |       9 |   0.0 |    87
               +---------+---------+-------+---------+---------+-------+---------
